 Dungeon Crawl Stone Soup version 0.27-a0-1065-ge809cff456 (webtiles) character file.

Game seed: 17424706876875573662

340 1player the Skirmisher (level 6, -1/41 HPs)
             Began as a Gargoyle Earth Elementalist on Apr 22, 2021.
             Was an Initiate of Vehumet.
             Slain by a black bear (2 damage)
             ... on level 4 of the Dungeon.
             The game lasted 00:06:42 (4613 turns).

1player the Skirmisher (GrEE)                       Turns: 4613, Time: 00:06:43

Health: -1/41      AC:  6    Str: 12    XL:     6   Next: 56%
Magic:  5/9        EV: 12    Int: 17    God:    Vehumet [......]
Gold:   162        SH:  0    Dex: 10    Spells: 8/9 levels left

rFire    . . .     SeeInvis .   i - +2 whip (elec)
rCold    . . .     Faith    .   (no shield)
rNeg     + . .     Spirit   .   c - +0 robe
rPois    ∞         Reflect  .   (no helmet)
rElec    +         Harm     .   (no cloak)
rCorr    .         Rampage  .   (no gloves)
Will     .....                  (no boots)
Stlth    ++........             (no amulet)
HPRegen  0.13/turn              (no ring)
MPRegen  0.11/turn              (no ring)

@: no status effects
A: AC +4, negative energy resistance 1, electricity resistance, torment
resistance 1, unbreathing 1, petrification resistance
a: Renounce Religion


You were on level 4 of the Dungeon.
You worshipped Vehumet.
Vehumet was noncommittal.
You visited 1 branch of the dungeon, and saw 4 of its levels.

You collected 162 gold pieces.

Inventory:

Hand Weapons
 f - a +0 short sword
 i - a +2 whip of electrocution (weapon)
Missiles
 b - 79 stones
Armour
 c - a +0 robe (worn)
Scrolls
 e - 2 scrolls of identify {@r1}
 g - a scroll of noise {unknown}
 h - a scroll of immolation {unknown}
 n - a scroll of torment {unknown}
 o - a scroll of enchant armour {unknown}
Potions
 d - 2 potions of lignification {unknown}
 k - a potion of heal wounds {unknown}
 l - 3 potions of flight
 m - 2 potions of curing {@q1}


   Skills:
 - Level 6.3 Fighting
 + Level 2.6 Dodging
 - Level 2.1 Stealth
 - Level 2.0 Spellcasting
 - Level 0.7 Transmutations
 - Level 3.6 Earth Magic


You had 8 spell levels left.
You knew the following spells:

 Your Spells              Type           Power      Damage    Failure   Level
q - Sandblast             Erth           28%        2d8       4%          1

Your spell library contained the following spells:

 Spells                   Type           Power      Damage    Failure   Level
 Passwall                 Tmut/Erth      7%         N/A       12%         2
 Stone Arrow              Conj/Erth      14%        3d7       28%         3
 Petrify                  Tmut/Erth      9%         N/A       61%         4
 Lee's Rapid Deconstruct  Erth           7%         3d7*      77%         5


Dungeon Overview and Level Annotations

Branches:
Dungeon (4/15)
 Temple: D:4-7

Altars:
Vehumet

Annotations:
D:4 3 runed translucent doors, Dowan; Duvessa; PeterMcNeter's ghost, novice HOMo


Innate Abilities, Weirdness & Mutations

Your stone body is resilient. (AC +4)
You are immune to poison.
You resist negative energy. (rN+)
You are resistant to electric shocks. (rElec)
You are resistant to unholy torment.
You can survive without breathing.
You are immune to petrification.


Message History

Casting: Sandblast (safe; 4% risk of failure)
Confirm with . or Enter, or press ? or * to list all spells.
Aiming: Sandblast (safe; 4% risk of failure)
Press: ? - help, Shift-Dir - straight line, f/p - black bear
Aim: a black bear (85% to hit)
The blast of sand hits the black bear!
The black bear is heavily wounded.
The black bear bites you.
The black bear claws you but does no damage.
The black bear claws you.
Casting: Sandblast (safe; 4% risk of failure)
Confirm with . or Enter, or press ? or * to list all spells.
Aiming: Sandblast (safe; 4% risk of failure)
Press: ? - help, Shift-Dir - straight line, f/p - black bear
Aim: a black bear (heavily wounded, 85% to hit)
The blast of sand hits the black bear.
The black bear is heavily wounded.
The black bear bites you. The black bear closely misses you. x2
Casting: Sandblast (safe; 4% risk of failure)
Confirm with . or Enter, or press ? or * to list all spells.
Aiming: Sandblast (safe; 4% risk of failure)
Press: ? - help, Shift-Dir - straight line, f/p - black bear
Aim: a black bear (heavily wounded, 85% to hit)
The blast of sand hits the black bear!
The black bear is severely wounded.
The black bear goes berserk!
You hit the black bear.
The black bear is almost dead.
The black bear bites you! The black bear misses you.
The black bear barely misses you. The black bear bites you.
The black bear closely misses you. The black bear misses you.
You hit the black bear.
The black bear is almost dead.
The black bear bites you! The black bear completely misses you.
The black bear claws you.
* * * LOW HITPOINT WARNING * * *
The black bear bites you!
* * * LOW HITPOINT WARNING * * *
The black bear claws you.
You die...

########.###.###.#..
....####.........#..
....................
..##.###.....###.##. #
.............# #.##. #.
.##)........# #.##. #..
#.#.#.....# #.##.
..#...##.#.#.....###.##.
......h@................
..................#####.
........................
..##..##...#..###.####.#
...... ##+##..# #.# #.#
..... #_##..# #.# #.#
#.###.###'##<.###.####.#
...........#............
.......................


You could see a black bear (berserk).

Vanquished Creatures
  A necrophage (D:4)
  A scorpion (D:4)
  2 centaur skeletons (D:4)
  A jelly (D:4)
  A bullfrog skeleton (D:4)
  A white imp (D:3)
  2 dart slugs
  3 orcs
  3 bats (D:1)
  8 endoplasms
  4 goblins
  3 hobgoblins
  15 jackals
  8 kobolds
  3 quokkas
  5 ball pythons
  5 frilled lizards
  A quokka skeleton (D:4)
  3 rats
70 creatures vanquished.

Vanquished Creatures (others)
  2 fungi (D:4)
  2 plants (D:4)
4 creatures vanquished.

Grand Total: 74 creatures vanquished

Notes
Turn   | Place    | Note
-------+----------+-------------------------------------------
     0 | D:1      | 1player the Gargoyle Earth Elementalist began the quest for
                  | the Orb.
     0 | D:1      | Reached XP level 1. HP: 10/10 MP: 3/3
   146 | D:1      | Reached skill level 1 in Fighting
   419 | D:1      | Reached XP level 2. HP: 13/17 MP: 5/5
   522 | D:1      | Reached skill level 2 in Fighting
  1352 | D:1      | Reached XP level 3. HP: 18/22 MP: 4/6
  1520 | D:1      | Reached skill level 3 in Fighting
  3212 | D:3      | Reached XP level 4. HP: 29/29 MP: 4/7
  3234 | D:3      | Reached skill level 4 in Fighting
  4098 | D:4      | Noticed a scorpion
  4112 | D:4      | Killed a scorpion
  4113 | D:4      | Reached skill level 5 in Fighting
  4113 | D:4      | Reached XP level 5. HP: 26/35 MP: 8/8
  4322 | D:4      | Reached skill level 6 in Fighting
  4334 | D:4      | Reached XP level 6. HP: 38/41 MP: 5/9
  4368 | D:4      | Found a runed translucent gate.
  4368 | D:4      | Found a runed translucent gate.
  4368 | D:4      | Found a runed translucent gate.
  4456 | D:4      | Noticed PeterMcNeter's ghost (novice HOMo)
  4515 | D:4      | Noticed Dowan
  4515 | D:4      | Noticed Duvessa
  4557 | D:4      | Found a radiant altar of Vehumet.
  4557 | D:4      | Noticed a necrophage
  4560 | D:4      | Became a worshipper of Vehumet
  4570 | D:4      | Killed a necrophage
  4602 | D:4      | Noticed a black bear
  4613 | D:4      | HP: 1/41 [black bear (8)]
  4613 | D:4      | Slain by a black bear

Illustrated notes

Levels and vault maps discovered:
D:1:      giann_horns, layout_basic, minmay_misc_feat_columns,
          chequers_serial_rivers_small_3
D:2:      kennysheep_big_flooded_room, layout_basic
D:3:      layout_basic
D:4:      layout_basic, kennysheep_mini, gammafunk_ghost_nasty_kobolds,
          minmay_manual_mail, uniq_duvessa

Skill      XL: |  1  2  3  4  5  6 |
---------------+-------------------+-----
Fighting       | 1 2 3 5 6 |  6.3
Dodging        | 2 |  2.6
Stealth        | |  2.1
Spellcasting   | |  2.0
Transmutations | |  0.7
Earth Magic    | |  3.6

Action                   |  1- 3 |  4- 6 || total
-------------------------+-------+-------++-------
Melee: Short sword       |    76 |       ||    76
       Whip              |    34 |    39 ||    73
 Cast: Sandblast         |    26 |    24 ||    50
  Use: Scroll            |     1 |     2 ||     3
       Potion            |       |     1 ||     1
 Stab: Sleeping          |     2 |       ||     2
Armor: Robe              |    46 |    18 ||    64
Dodge: Dodged            |    59 |    36 ||    95

Table legend: (Time is in decaauts)
 A = Elapsed time spent in this place.
 B = Non-inter-level travel time spent in this place.
 C = Inter-level travel time spent in this place.
 D = Time resting spent in this place.
 E = Time spent auto-exploring this place.
 F = Levels seen in this place.
 G = Mean time per level.
                   A        B        C        D        E       F      G
               +--------+--------+--------+--------+--------+-----+--------+
         Total |   4628 |   4539 |     89 |   1209 |   2654 |   4 | 1157.0 |
       Dungeon |   4628 |   4539 |     89 |   1209 |   2654 |   4 | 1157.0 |
               +--------+--------+--------+--------+--------+-----+--------+

Top non-repeatable levels by time:
     D:1: 1890 daAuts
     D:3: 1239 daAuts
     D:2: 845 daAuts
     D:4: 652 daAuts
